 Dungeon Crawl Stone Soup version 0.25-a0-310-g60f0ac2d9a (webtiles) character file.

Game seed: 12221749061512733634, levelgen mode: deterministic

4817 Morrissey the Tainter (level 10, -4/71 HPs)
             Began as a Green Draconian Transmuter on Dec 24, 2019.
             Was a Believer of Okawaru.
             Slain by an ancient zyme (7 damage)
             ... on level 2 of the Abyss.
             The game lasted 00:22:25 (10444 turns).

Morrissey the Tainter (Green Draconian Transmuter) Turns: 10444, Time: 00:22:26

Health: -4/71      AC:  2    Str: 15    XL:     10   Next: 24%
Magic:  12/15      EV: 25    Int: 14    God:    Okawaru [**....]
Gold:   369        SH:  6    Dex: 20    Spells: 3/16 levels left

rFire    . . .     SeeInvis .     - Unarmed
rCold    . . .     Gourm    .   (shield currently unavailable)
rNeg     . . .     Faith    .   (armour unavailable)
rPois    x         Spirit   .   (helmet currently unavailable)
rElec    .         Reflect  +   (cloak currently unavailable)
rCorr    +         Harm     .   (gloves currently unavailable)
MR       .....                  (boots currently unavailable)
Stlth    ++........             g - +6 amulet of reflection
HPRegen  0.00/turn              u - ring of resist corrosion
MPRegen  0.14/turn              k - +3 ring of strength

@: spider-form, non-regenerating, diseased
A: tiny, (breathe noxious fumes), unfitting armour, AC +7
a: End Transformation, Heroism, Renounce Religion


You were on level 2 of the Abyss.
You worshipped Okawaru.
Okawaru was pleased with you.
You were hungry.
You were a venomous arachnid creature.
You visited 2 branches of the dungeon, and saw 10 of its levels.
You visited the Abyss 1 time.
You also visited: Sewer.

You collected 369 gold pieces.

Inventory:

Hand Weapons
 b - a +0 hunting sling
Missiles
 a - 128 arrows
Armour
 y - a +0 cloak
 H - the +2 cloak of Beauty (melded) {rF+ rC+ MR-}
   (You found it on level 7 of the Dungeon)

   It protects you from fire.
   It protects you from cold.
   It affects your resistance to hostile enchantments.
 J - a +2 hat (melded)
 N - a cursed +0 pair of gloves (melded)
Jewellery
 g - a +6 amulet of reflection (around neck)
 j - a cursed amulet of inaccuracy {unknown}
 k - a +3 ring of strength (right front leg)
 s - an uncursed ring of stealth
 u - a ring of resist corrosion (left front leg)
 L - a +3 ring of intelligence {unknown}
Wands
 z - a wand of iceblast (8)
 M - a wand of random effects (20)
Scrolls
 f - a scroll of fog
 l - 6 scrolls of teleportation
 n - 6 scrolls of remove curse
 t - 4 scrolls of fear
 v - 2 scrolls of enchant weapon {unknown}
 w - a scroll of immolation {unknown}
 B - 2 scrolls of blinking
 D - a scroll of noise {unknown}
 E - a scroll of amnesia
 I - a scroll of brand weapon {unknown}
Potions
 d - 2 potions of curing
 e - a potion of cancellation {unknown}
 h - 6 potions of heal wounds
 i - 2 potions of ambrosia
 m - a potion of brilliance {unknown}
 o - 2 potions of lignification {unknown}
 p - 3 potions of berserk rage {unknown}
 q - a potion of invisibility {unknown}
 r - 3 potions of might {unknown}
 x - a potion of haste {unknown}
 A - a potion of agility {unknown}
 C - a potion of magic {unknown}
 F - a potion of degeneration {unknown}
 G - a potion of resistance {unknown}
Comestibles
 c - 11 rations
 K - a chunk of flesh


   Skills:
 - Level 1.1 Fighting
 + Level 6.0 Dodging
 + Level 7.2 Unarmed Combat
 - Level 3.6 Spellcasting
 + Level 6.7 Transmutations
 + Level 6.4 Ice Magic
 - Level 8.0 Poison Magic
 + Level 1.6 Invocations


You had 3 spell levels left.
You knew the following spells:

 Your Spells              Type           Power        Failure   Level  Hunger
a - Beastly Appendage     Tmut           ###...       6%          1    None
b - Spider Form           Tmut/Pois      ###.......   11%         3    ###....
c - Ice Form              Ice/Tmut       ###.....     30%         4    ####...
d - Blade Hands           Tmut           ###.......   56%         5    ######.

Your spell library contained the following spells:

 Spells                   Type           Power        Failure   Level  Hunger
 Sticks to Snakes         Tmut           ###.....     8%          2    ##.....
 Animate Skeleton         Necr           N/A          41%         1    None
 Pain                     Necr           #...         41%         1    None
 Regeneration             Chrm/Necr      #.........   73%         3    ###....
 Vampiric Draining        Necr           #.........   73%         3    ###....
 Animate Dead             Necr           N/A          97%         4    ####...


Dungeon Overview and Level Annotations

Branches:
Dungeon (9/15)             Temple (1/1) D:7             Orc (0/2) D:9
  Sewer (visited)
   Lair: D:8-11

Altars:
Ashenzari
Cheibriados
Dithmenos
Elyvilon
Fedhas
Gozag
Hepliaklqana
Kikubaaqudgha
Makhleb
Nemelex Xobeh
Okawaru
Qazlal
Ru
Sif Muna
Trog
Uskayaw
Xom
Yredelemnul
Zin
The Shining One

Annotations:
D:6 1 runed translucent door, SirSavien's ghost, novice GnFi
D:8 1 transporter, Grum; qipq's ghost, novice DsFE
D:9 Erolcha


Innate Abilities, Weirdness & Mutations

((You can breathe blasts of noxious fumes.))
((Your lurid green scales are hard. (AC +7)))
You cannot fit into any form of body armour.
((Your system is resistant to poisons. (rPois)))
((You are cold-blooded and may be slowed by cold attacks.))


Message History

The neqoxec shouts!
You hit the ancient zyme but do no damage.
You hear a bark! x2
The ancient zyme hits you.
* * * LOW HITPOINT WARNING * * *
The ancient zyme hits you!
* * * LOW HITPOINT WARNING * * *
You bite the ancient zyme!
The ancient zyme is lightly damaged.
The ancient zyme hits you.
* * * LOW HITPOINT WARNING * * *
The ancient zyme completely misses you.
The neqoxec gestures.
You are feeling hungry.
You hit the ancient zyme.
The ancient zyme is moderately damaged.
The ancient zyme hits you!
* * * LOW HITPOINT WARNING * * *
The ancient zyme hits you!
You die...

########## # .
.......# ##.# .
.......####....#
.##. #...x#..3#
.## .#....s.#.#
..........#.# #
........####
##..#...# .#
..#.. # ........
...... ..#.


You could see an ancient zyme and a neqoxec.

Vanquished Creatures
  A two-headed ogre (D:8)
  A glowing orange brain (Abyss:2)
  4 yaks (D:7)
  A water moccasin (D:7)
  Purgy (Sewer)
  2 phantoms (D:5)
  4 ice beasts
  5 ogres
  A necrophage (D:6)
  A wolf (D:8)
  A centaur (D:6)
  A bullfrog (D:6)
  2 gnoll sergeants (D:8)
  A scorpion (D:6)
  A water moccasin skeleton (D:7)
  7 wights
  3 killer bees (D:8)
  4 howler monkeys (D:6)
  A centaur zombie (D:9)
  3 crimson imps
  2 hounds
  A jelly (D:6)
  3 orc priests
  An orc wizard (D:7)
  A gnoll shaman (D:8)
  An iguana (D:7)
  4 worker ants
  A hound skeleton (D:5)
  Robin (D:4)
  7 gnolls (D:8)
  A river rat (D:5)
  7 adders
  2 shadow imps
  An adder zombie (D:5)
  5 adder skeletons
  4 worms
  A dart slug (D:1)
  2 leopard geckos
  18 orcs
  4 ball pythons
  9 giant cockroaches
  15 goblins
  14 hobgoblins
  3 jackals (D:6)
  2 quokkas
  10 bats
  5 frilled lizards
  A jackal zombie (D:6)
  2 kobolds
  3 rats
176 creatures vanquished.

Vanquished Creatures (others)
  6 plants (D:8)
6 creatures vanquished.

Grand Total: 182 creatures vanquished

Notes
Turn   | Place    | Note
-------+----------+-------------------------------------------
     0 | D:1      | Morrissey the Draconian Transmuter began the quest for the
                  | Orb.
     0 | D:1      | Reached XP level 1. HP: 16/16 MP: 3/3
   511 | D:1      | Reached XP level 2. HP: 23/23 MP: 3/5
   958 | D:1      | Reached XP level 3. HP: 15/28 MP: 3/6
  1084 | D:1      | Learned a level 3 spell: Spider Form
  1405 | D:2      | Reached skill level 1 in Poison Magic
  2237 | D:3      | Reached XP level 4. HP: 35/35 MP: 2/7
  2792 | D:4      | Found a blossoming altar of Fedhas.
  3479 | D:4      | Noticed Robin
  3508 | D:3      | Reached skill level 2 in Poison Magic
  3583 | D:4      | Killed Robin
  3583 | D:4      | Reached XP level 5. HP: 35/40 MP: 4/8
  3620 | D:4      | Learned a level 4 spell: Ice Form
  3676 | D:5      | Entered Level 5 of the Dungeon
  3738 | D:5      | Noticed a phantom
  3773 | D:5      | Killed a phantom
  3896 | D:5      | Found a stormy altar of Qazlal.
  3948 | D:5      | Found a glowing drain.
  3954 | D:5      | Reached XP level 6. HP: 32/47 MP: 4/9
  3975 | Sewer    | Entered a sewer
  4193 | Sewer    | Noticed Purgy
  4218 | Sewer    | Killed Purgy
  4218 | Sewer    | Reached skill level 3 in Poison Magic
  4513 | D:5      | Found an opulent altar of Gozag.
  4514 | D:5      | Found a glowing golden altar of the Shining One.
  5300 | D:6      | Your scales start taking on a lurid green colour.
  5300 | D:6      | Reached skill level 4 in Poison Magic
  5300 | D:6      | Reached XP level 7. HP: 52/52 MP: 7/11
  5300 | D:6      | Gained mutation: Your system is resistant to poisons.
                  | (rPois) [Green Draconian growth]
  5319 | D:5      | Reached skill level 5 in Poison Magic
  5455 | D:6      | Found a bloodstained altar of Trog.
  5595 | D:6      | Reached skill level 5 in Unarmed Combat
  5661 | D:6      | Reached skill level 6 in Poison Magic
  5661 | D:6      | Reached XP level 8. HP: 46/59 MP: 10/13
  5813 | D:6      | Learned a level 5 spell: Blade Hands
  5813 | D:6      | Found a shattered altar of Ashenzari.
  5813 | D:6      | Found a shimmering altar of Xom.
  5814 | D:6      | Found a glowing silver altar of Zin.
  5945 | D:6      | Reached skill level 1 in Ice Magic
  6017 | D:6      | Found a runed translucent door.
  6018 | D:6      | Noticed SirSavien's ghost (novice GnFi)
  6055 | D:6      | Found a snail-covered altar of Cheibriados.
  6819 | D:7      | Reached skill level 5 in Transmutations
  7053 | D:7      | Found a white marble altar of Elyvilon.
  7084 | D:7      | Got a faintly glowing cloak
  7149 | D:7      | Identified the +2 cloak of Beauty {rF+ rC+ MR-} (You found
                  | it on level 7 of the Dungeon)
  7212 | D:7      | Reached skill level 7 in Poison Magic
  7219 | D:7      | Found a staircase to the Ecumenical Temple.
  7221 | D:7      | Found a burning altar of Makhleb.
  7237 | D:7      | Reached XP level 9. HP: 44/63 MP: 10/14
  7386 | Temple   | Entered the Ecumenical Temple
  7611 | Temple   | Became a worshipper of Warmaster Okawaru
  7688 | D:7      | Reached skill level 5 in Dodging
  7705 | D:7      | HP: 1/63 [orc/+0 trident (7)]
  8180 | D:8      | Noticed a two-headed ogre
  8202 | D:8      | Killed a two-headed ogre
  8202 | D:8      | Reached * piety under Okawaru
  8202 | D:8      | Reached skill level 5 in Ice Magic
  8205 | D:8      | Reached skill level 8 in Poison Magic
  8839 | D:8      | Found a transporter.
  8846 | D:8      | Noticed Grum
  8873 | D:8      | Identified the cursed +0 shield of Maz Waidoy {rC+ MR-
                  | rCorr SInv}
  9024 | D:8      | Noticed qipq's ghost (novice DsFE)
  9075 | D:8      | Found a transporter.
  9154 | D:8      | Reached ** piety under Okawaru
  9154 | D:8      | Reached XP level 10. HP: 50/70 MP: 10/15
  9981 | D:9      | Noticed Erolcha
 10259 | D:9      | Found a staircase to the Orcish Mines.
 10369 | D:9      | Cast into level 2 of the Abyss (Erolcha)
 10369 | Abyss:2  | Found a corrupted altar of Lugonu.
 10381 | Abyss:2  | Noticed a glowing orange brain
 10405 | Abyss:2  | Noticed a wretched star
 10405 | Abyss:2  | Noticed a bone dragon
 10406 | Abyss:2  | HP: 1/71 [stone wall collision[a glowing orange brain]
                  | (17)]
 10407 | Abyss:2  | Killed a glowing orange brain
 10407 | Abyss:2  | Reached skill level 1 in Invocations
 10444 | Abyss:2  | HP: 3/71 [ancient zyme (8)]
 10444 | Abyss:2  | Slain by an ancient zyme

Levels and vault maps discovered:
D:1:      dpeg_arrival_rooms_b, layout_basic, st_stairs_11, minmay_unequal
D:2:      layout_loops_ring, first_ration, minmay_stone_trees_medium,
          minmay_misc_feat_five
D:3:      layout_loops_corners, hangedman_decor_opposing
D:4:      layout_gridville, fedhas_ov_isle_minmay, uniq_robin
D:5:      layout_loops_corners, nicolae_overflow_hidden_temple,
          portal_sewer_entry_e
D:6:      layout_cave_pools, bloody_trog, slow_altar_1,
          gammafunk_temple_overflow_claw, ebering_ghost_reflecting_pool
D:7:      layout_basic, marbit_many_paths, elyvilon_altar_3,
          kennysheep_mini_moat, bloody_makhleb,
          minmay_temple_entry_glassed_door, grunt_livestock
D:8:      layout_basic, gammafunk_ghost_gnarly_gnolls
D:9:      layout_rooms, orc_0_dummy, uniq_erolcha
Temple:   jpeg_temple_island
Abyss:2:  base:
D:2

Skill      XL: |  1  2  3  4  5  6  7  8  9 10 |
---------------+-------------------------------+-----
Dodging        | 2 3 4 5 6 |  6.0
Poison Magic   | 1 2 4 6 7 8 |  8.0
Transmutations | 3 4 5 6 |  6.7
Unarmed Combat | 4 5 6 7 |  7.2
Spellcasting   | 3 |  3.6
Ice Magic      | 3 6 |  6.4
Invocations    | 1 |  1.6
Fighting       | |  1.1

Action                   |  1- 3 |  4- 6 |  7- 9 | 10-12 || total
-------------------------+-------+-------+-------+-------++-------
Melee: Unarmed           |   107 |   186 |   315 |    90 ||   698
       Tailslap          |     9 |     8 |     2 |     6 ||    25
       Kick              |     4 |     2 |       |       ||     6
       Headbutt          |     7 |     2 |       |       ||     9
       Punch             |       |       |       |     1 ||     1
 Cast: Beastly Appendage |    13 |     2 |       |       ||    15
       Spider Form       |     4 |    19 |    28 |     8 ||    59
       Ice Form          |       |       |     2 |       ||     2
Invok: Heroism           |       |       |     1 |       ||     1
 Abil: End Transformatio |       |     3 |    10 |     4 ||    17
       Breathe Noxious F |       |       |     1 |       ||     1
  Use: Scroll            |     6 |       |     5 |     3 ||    14
       Potion            |       |     1 |       |     4 ||     5
 Stab: Sleeping          |     1 |     3 |       |       ||     4
  Eat: Chunk             |     5 |    10 |     6 |     1 ||    22
       Ration            |       |     1 |     3 |     1 ||     5
Armor: Skin              |    23 |    14 |    21 |     9 ||    67
Dodge: Dodged            |    67 |   148 |   200 |    79 ||   494
Block: Other             |     2 |    56 |    85 |    21 ||   164

Table legend:
 A = Non-vault XP
 B = Vault XP
 C = Vault XP percentage of total XP
 D = Non-vault monster count
 E = Vault monster count
 F = Vault count percentage of total count
                 A         B        C        D         E       F
            +---------+---------+-------+---------+---------+-------
      Total |    6239 |     643 |   9.3 |     134 |      42 |  23.9
            +---------+---------+-------+---------+---------+-------
        D:1 |      33 |       8 |  19.5 |      19 |       4 |  17.4
        D:2 |      38 |       0 |   0.0 |       9 |       0 |   0.0
        D:3 |      28 |       9 |  24.3 |      13 |       5 |  27.8
        D:4 |      72 |      25 |  25.8 |       3 |       6 |  66.7
        D:5 |     599 |      32 |   5.1 |      15 |       8 |  34.8
        D:6 |    1068 |       5 |   0.5 |      22 |       1 |   4.3
        D:7 |    1688 |       0 |   0.0 |      19 |       0 |   0.0
        D:8 |    1659 |     408 |  19.7 |      23 |      11 |  32.4
        D:9 |     299 |       0 |   0.0 |      10 |       0 |   0.0
    Abyss:2 |     755 |       0 |   0.0 |       1 |       0 |   0.0
      Sewer |       0 |     156 | 100.0 |       0 |       7 | 100.0
            +---------+---------+-------+---------+---------+-------
